 Dungeon Crawl Stone Soup version 0.26-a0-812-g31a745ddcd (webtiles) character file.

Game seed: 12024252556603545261

983 Dracia the Destroyer (level 7, 0/50 HPs)
             Began as a Black Draconian Conjurer on Dec 8, 2020.
             Slain by Duvessa
             ... wielding a +0 short sword
              (2 damage)
             ... on level 5 of the Dungeon.
             The game lasted 00:11:48 (6624 turns).

Dracia the Destroyer (Black Draconian Conjurer)     Turns: 6624, Time: 00:11:49

Health: 0/50       AC:  6    Str: 15    XL:     7   Next: 96%
Magic:  3/15       EV: 12    Int: 20    God:
Gold:   200        SH:  0    Dex: 10    Spells: 3/17 levels left

rFire    . . .     SeeInvis .   c - +0 spear
rCold    . . .     Faith    .   (no shield)
rNeg     . . .     Spirit   .   (armour unavailable)
rPois    .         Reflect  .   (helmet restricted)
rElec    +         Harm     .   (no cloak)
rCorr    .         Rampage  .   (no gloves)
MR       .....     NoTele   +   (no boots)
Stlth    +.........             (no amulet)
HPRegen  0.16/turn              S - +6 ring of strength
MPRegen  0.14/turn              L - ring of flight

@: lethally poisoned (0 -> -2), cannot translocate, very slightly contaminated,
glowing
A: breathe lightning, unfitting armour, electricity resistance, cold-blooded, AC
+6
a: Breathe Lightning, Evoke Flight


You were on level 5 of the Dungeon.
You visited 1 branch of the dungeon, and saw 5 of its levels.

You collected 200 gold pieces.


Innate Abilities, Weirdness & Mutations

You can breathe wild blasts of lightning.
Your glossy black scales are hard. (AC +6)
You cannot fit into any form of body armour.
You are resistant to electric shocks. (rElec)
You are cold-blooded and may be slowed by cold attacks.


   Skills:
 - Level 1.7 Dodging
 - Level 1.7 Stealth
 + Level 5.7 Spellcasting
 * Level 8.1 Conjurations


You had 3 spell levels left.
You knew the following spells:

 Your Spells              Type           Power        Failure   Level
d - Dazzling Flash        Conj/Hex       ###...       6%          3
f - Fulminant Prism       Conj/Hex       ###.......   21%         4
s - Searing Ray           Conj           #####.       1%          2
z - Magic Dart            Conj           ####         1%          1
X - Iskenderun's Mystic   Conj/Tloc      ###.....     21%         4

Your spell library contained the following spells:

 Spells                   Type           Power        Failure   Level


Inventory:

Hand Weapons
 a - a +0 dagger
 c - a +0 spear (weapon)
Missiles
 g - 9 poisoned darts (quivered)
Jewellery
 L - a ring of flight (right hand)
 S - a +6 ring of strength (left hand)
Wands
 j - a wand of polymorph (7)
 r - a wand of flame (12)
Scrolls
 b - 5 scrolls of remove curse {unknown}
 d - a scroll of teleportation {unknown}
 e - 2 scrolls of magic mapping {unknown}
 f - 6 scrolls of identify {@r1@r1}
 l - a scroll of immolation {unknown}
 n - 2 scrolls of random uselessness {unknown}
 p - 2 scrolls of fog {unknown}
 q - 3 scrolls of blinking
Potions
 h - a potion of brilliance {unknown}
 i - a potion of invisibility {unknown}
 k - 2 potions of attraction
 m - a potion of degeneration {unknown}
 o - a potion of resistance {unknown}
 s - a potion of might

Dungeon Overview and Level Annotations

Branches:
Dungeon (5/15)
 Temple: D:4-7

Altars:
Elyvilon
Kikubaaqudgha
Nemelex Xobeh
Ru
Trog
Wu Jian
Zin
The Shining One

Shops:
D:5 :

Annotations:
D:5 1 runed translucent door, Crazy Yiuf, Duvessa

###..##..........
.##..##.#.####.##
.##..##.#.####.###
..................
.##..##.#.####.###
...............#
###..##.#.####.# #
##..##.#.####.####.#
#...........?.e@...#
###.###.#.####.###..#
....###.#.####.# ..#
##.............. #...
##.###..######## ####
#.# ##.# ##.####.##
#........# ##.#.....#


You could see Duvessa (berserk).


Message History

Duvessa is moderately wounded.
You finish channeling your searing ray.
Duvessa misses you. Duvessa hits you with a +0 short sword!
* * * LOW HITPOINT WARNING * * *
Duvessa hits you with a +0 short sword!
* * * LOW HITPOINT WARNING * * *
Unknown command.
Casting: Searing Ray (safe; 1% risk of failure)
Confirm with . or Enter, or press ? or * to list all spells.
The spell is quite dangerous to cast (21% risk of failure)!
Continue anyway?
You miscast Iskenderun's Mystic Blast.
You are very lightly contaminated with residual magic.
You are caught in a field of spatial distortion.
Duvessa hits you but does no damage.
Casting: Iskenderun's Mystic Blast (quite dangerous; 21% risk of failure)
Confirm with . or Enter, or press ? or * to list all spells.
The spell is quite dangerous to cast (21% risk of failure)!
Continue anyway?
You erupt in a blast of force!
The mystic blast hits Duvessa.
Duvessa is moderately wounded.
Duvessa is knocked back by the mystic blast.
You feel sick.
Okay, then.
As you read the scroll labelled AWIL EKLUOB, it crumbles to dust.
It is a scroll of identify.
q - 3 scrolls of blinking You cannot blink because you are locked down by a dimension anchor.
Duvessa hits you with a +0 short sword.
* * * LOW HITPOINT WARNING * * *
Duvessa hits you with a +0 short sword.
You die...

Skill      XL: |  1  2  3  4  5  6  7 |
---------------+----------------------+-----
Spellcasting   | 3 4 5 |  5.7
Conjurations   | 5 6 8 |  8.1
Dodging        | |  1.7
Stealth        | |  1.7

Action                   |  1- 3 |  4- 6 |  7- 9 || total
-------------------------+-------+-------+-------++-------
Melee: Dagger            |    71 |    66 |       ||   137
       Tailslap          |     8 |     5 |     1 ||    14
       Spear             |       |    25 |     9 ||    34
 Cast: Magic Dart        |    71 |    58 |     2 ||   131
       Searing Ray       |     4 |    14 |     9 ||    27
       Iskenderun's Myst |       |       |     1 ||     1
 Abil: Breathe Lightning |       |       |     2 ||     2
  Use: Potion            |       |     6 |       ||     6
       Scroll            |       |       |     1 ||     1
 Stab: Distracted        |       |     1 |       ||     1
       Sleeping          |       |     2 |     2 ||     4
Armor: Skin              |    19 |    40 |     7 ||    66
Dodge: Dodged            |    55 |    60 |    17 ||   132

Levels and vault maps discovered:
D:1:      wander_arrival_abandoned_jail, layout_loops_ring, serial_forest,
          infiniplex_forest_end_1, infiniplex_forest_clump_curved,
          infiniplex_forest_split, infiniplex_forest_straight_4
D:2:      layout_basic, marbit_many_paths, lemuel_round_altar,
          nicolae_ru_the_path_less_chosen, nrook_uturn, dk_vineyard_3
D:3:      layout_loops_corners, kiku_gazebo_garden_becter
D:4:      layout_basic, bloody_trog, old_standard_altar,
          nicolae_tso_swordbearing_angel, nemelex_altar_shiori, serial_undead,
          serial_undead_a, serial_undead_b, serial_undead_e, serial_undead_d,
          hex_large, minmay_crossroads
D:5:      layout_basic, serial_aquarium, aquarium_bridge_square
          [aquarium_subvault_bridge, aquarium_subvault_wall,
          aquarium_subvault_bridge, aquarium_subvault_bridge],
          aquarium_bridge_square [aquarium_subvault_wall,
          aquarium_subvault_window, aquarium_subvault_bridge,
          aquarium_subvault_wall], aquarium_window_fake, aquarium_window_corner,
          aquarium_window_1, aquarium_view_2c, aquarium_view_2b,
          aquarium_balcony_double_3, serial_shops, kennysheep_little_box,
          uniq_duvessa, uniq_crazy_yiuf_cottage

Notes
Turn   | Place    | Note
-------+----------+-------------------------------------------
     0 | D:1      | Dracia the Draconian Conjurer began the quest for the Orb.
     0 | D:1      | Reached XP level 1. HP: 14/14 MP: 3/3
   134 | D:1      | Reached XP level 2. HP: 20/20 MP: 0/5
   383 | D:1      | Learned a level 2 spell: Searing Ray
   797 | D:1      | Reached XP level 3. HP: 26/26 MP: 2/7
   802 | D:1      | Learned a level 3 spell: Dazzling Flash
  1582 | D:2      | Found an ornate altar of the Wu Jian Council.
  1620 | D:2      | Found a glowing silver altar of Zin.
  2056 | D:2      | Reached skill level 3 in Spellcasting
  2337 | D:2      | Found a sacrificial altar of Ru.
  2962 | D:3      | Found an ancient bone altar of Kikubaaqudgha.
  2980 | D:3      | Reached XP level 4. HP: 31/33 MP: 3/8
  3611 | D:4      | Reached skill level 5 in Conjurations
  3675 | D:4      | Reached XP level 5. HP: 24/38 MP: 6/10
  3923 | D:4      | Found a white marble altar of Elyvilon.
  4090 | D:4      | Reached skill level 4 in Spellcasting
  4384 | D:4      | Noticed a phantom
  4466 | D:4      | Killed a phantom
  4466 | D:4      | Reached skill level 6 in Conjurations
  4466 | D:4      | Reached XP level 6. HP: 45/45 MP: 4/12
  4475 | D:4      | Learned a level 4 spell: Fulminant Prism
  4480 | D:4      | Learned a level 4 spell: Iskenderun's Mystic Blast
  5043 | D:4      | Found a sparkling altar of Nemelex Xobeh.
  5200 | D:4      | Found a bloodstained altar of Trog.
  5263 | D:4      | Found a glowing golden altar of the Shining One.
  5519 | D:5      | Entered Level 5 of the Dungeon
  5542 | D:5      | Your scales start taking on a glossy black colour.
  5542 | D:5      | Reached XP level 7. HP: 31/50 MP: 10/14
  5542 | D:5      | Gained mutation: You are resistant to electric shocks.
                  | (rElec) [Black Draconian growth]
  5739 | D:5      | Reached skill level 5 in Spellcasting
  5741 | D:5      | Reached skill level 7 in Conjurations
  6460 | D:5      | Found a runed translucent door.
  6461 | D:5      | Noticed Crazy Yiuf
  6588 | D:5      | Found Zomoohek's Book Shop.
  6608 | D:5      | Noticed Dowan
  6616 | D:5      | Noticed Duvessa
  6618 | D:5      | Killed Dowan
  6618 | D:5      | Reached skill level 8 in Conjurations
  6624 | D:5      | HP: 2/50 [Duvessa/+0 short sword (6)]
  6624 | D:5      | Slain by Duvessa

Vanquished Creatures
  An ice beast (D:5)
  A phantom (D:4)
  An ogre (D:5)
  2 centaurs (D:5)
  Dowan (D:5)
  A howler monkey (D:4)
  A centaur skeleton (D:4)
  A hound (D:5)
  2 orc priests (D:5)
  An iguana (D:4)
  A bullfrog skeleton (D:4)
  A worker ant (D:5)
  2 orc wizards
  2 hound zombies (D:4)
  2 hound skeletons (D:4)
  A howler monkey zombie (D:4)
  A howler monkey skeleton (D:4)
  3 adders
  A white imp (D:5)
  An ooze (D:1)
  2 adder zombies (D:4)
  3 worms
  2 dart slugs (D:1)
  2 leopard geckos
  11 orcs
  4 giant cockroaches
  4 goblins
  7 hobgoblins
  3 jackals (D:3)
  9 bats
  6 frilled lizards
  3 giant cockroach zombies (D:4)
  A jackal skeleton (D:4)
  A jackal zombie (D:4)
  7 kobolds
  A leopard gecko skeleton (D:4)
  A leopard gecko zombie (D:4)
  9 rats
103 creatures vanquished.

Vanquished Creatures (others)
  8 fungi (D:5)
  11 plants
  14 withered plants
33 creatures vanquished.

Grand Total: 136 creatures vanquished

Table legend: (Time is in decaauts)
 A = Elapsed time spent in this place.
 B = Non-inter-level travel time spent in this place.
 C = Inter-level travel time spent in this place.
 D = Time resting spent in this place.
 E = Time spent auto-exploring this place.
 F = Levels seen in this place.
 G = Mean time per level.
                   A        B        C        D        E       F      G
               +--------+--------+--------+--------+--------+-----+--------+
         Total |   6608 |   6416 |    192 |   1356 |   4331 |   5 | 1321.6 |
       Dungeon |   6608 |   6416 |    192 |   1356 |   4331 |   5 | 1321.6 |
               +--------+--------+--------+--------+--------+-----+--------+

Top non-repeatable levels by time:
     D:4: 2104 daAuts
     D:1: 1364 daAuts
     D:3: 1174 daAuts
     D:2: 995 daAuts
     D:5: 970 daAuts

Table legend:
 A = Non-vault XP
 B = Vault XP
 C = Vault XP percentage of total XP
 D = Non-vault monster count
 E = Vault monster count
 F = Vault count percentage of total count
                 A         B        C        D         E       F
            +---------+---------+-------+---------+---------+-------
      Total |    1053 |     352 |  25.1 |      88 |      15 |  14.6
            +---------+---------+-------+---------+---------+-------
        D:1 |      51 |       0 |   0.0 |      27 |       0 |   0.0
        D:2 |      18 |       2 |  10.0 |      11 |       1 |   8.3
        D:3 |      41 |       0 |   0.0 |      15 |       0 |   0.0
        D:4 |     237 |     281 |  54.2 |      22 |      13 |  37.1
        D:5 |     706 |      69 |   8.9 |      13 |       1 |   7.1
            +---------+---------+-------+---------+---------+-------
